 Dungeon Sprint DCSS version 0.22.1-1-ga44c0e56f4 (webtiles) character file.

200 MuseOD the Covert (level 5, -7/27 HPs)
             Began as a Spriggan Enchanter on Sept 25, 2018.
             Was an Initiate of Dithmenos.
             Mangled by a large abomination (34 damage)
             ... in the Dungeon (Sprint V: "Ziggurat Sprint").
             The game lasted 00:01:32 (371 turns).

MuseOD the Covert (Spriggan Enchanter)               Turns: 371, Time: 00:01:33

Health: -7/27      AC:  2    Str:  4    XL:     5   Next: 49%
Magic:  1/13       EV: 20    Int: 24    God:    Dithmenos [......]
Gold:   0          SH:  0    Dex: 16    Spells: 5/14 levels left

rFire    . . .     SeeInvis +   v - +5 quick blade
rCold    . . .     Gourm    .   (shield restricted)
rNeg     . . .     Faith    .   b - +0 robe
rPois    .         Spirit   .   (helmet restricted)
rElec    .         Reflect  .   (no cloak)
rCorr    .         Harm     .   (gloves unavailable)
MR       .....     NoTele   +   (boots unavailable)
Stlth    +++++.....             (no amulet)
HPRegen  0.09/turn              (no ring)
MPRegen  0.13/turn              x - +6 ring of intelligence

@: very quick
A: very small, unfitting armour, see invisible, herbivore, speed 3, slow
metabolism 2
a: Renounce Religion


You were in the Dungeon.
You worshipped Dithmenos.
Dithmenos was noncommittal.
You were not hungry.

You visited 1 branch

Inventory:

Hand Weapons
 v - a +5 quick blade (weapon)
Armour
 b - a +0 robe (worn)
Jewellery
 x - a +6 ring of intelligence (right hand)
 A - a +6 ring of strength
Wands
 B - a wand of disintegration (7)
 C - a wand of iceblast (7)
 D - a wand of acid (7)
Scrolls
 j - 4 scrolls of blinking
 p - 4 scrolls of amnesia
 q - 7 scrolls of fog
 r - a scroll of holy word
 s - 5 scrolls of identify
 t - 5 scrolls of remove curse
 u - 2 scrolls of fear
Potions
 c - 2 potions of brilliance
 e - 10 potions of curing
 f - 10 potions of heal wounds
 g - 6 potions of haste
 h - 6 potions of magic
 i - 3 potions of berserk rage
 k - 2 potions of invisibility
 l - 4 potions of resistance
 n - 5 potions of agility
 o - 5 potions of might
Comestibles
 d - 7 rations


   Skills:
 + Level 2.7 Fighting
 * Level 5.6 Short Blades
 - Level 5.0 Dodging
 + Level 10.8 Stealth
 - Level 5.2 Spellcasting
 - Level 7.6 Hexes
 - Level 1.0 Ice Magic
 - Level 3.0 Invocations


You had 5 spell levels left.
You knew the following spells:

 Your Spells              Type           Power        Failure   Level  Hunger
a - Corona                Hex            #####..      1%          1    None
b - Ensorcelled Hibernat  Hex/Ice        ####..       2%          2    None
c - Confuse               Hex            #####...     1%          3    ##.....
d - Dazzling Spray        Conj/Hex       ###...       5%          3    ##.....

Your spell library contained the following spells:

 Spells                   Type           Power        Failure   Level  Hunger
 Tukima's Dance           Hex            #####...     1%          3    ##.....


Dungeon Overview and Level Annotations

Branches:
Dungeon (1/1)

Altars:
Ashenzari
Cheibriados
Dithmenos
Elyvilon
Fedhas
Gozag
Hepliaklqana
Kikubaaqudgha
Makhleb
Nemelex Xobeh
Okawaru
Qazlal
Ru
Sif Muna
Trog
Uskayaw
Vehumet
Wu Jian
Xom
Yredelemnul
Zin
The Shining One
Beogh
Jiyva
Lugonu

Annotations:
D 1 transporter


Innate Abilities, Weirdness & Mutations

You are very small and have problems with some larger weapons.
You are too small for most types of armour.
You have supernaturally acute eyesight. (SInv)
You are a herbivore.
You cover ground extremely quickly.
You need to consume almost no food.


Message History

The quasit closely misses the white imp.
The quasit completely misses the white imp.
Casting: Dazzling Spray (safe; 5% risk of failure)
Confirm with . or Enter, or press ? or * to list all spells.
Aiming: Dazzling Spray (safe; 5% risk of failure)
Press: ? - help, Shift-Dir - straight line, f/p - quasit
Aim: a quasit (confused)
The spray of energy hits the white imp.
The white imp is severely wounded.
The white imp is dazzled.
The spray of energy misses the large abomination.
Casting: Dazzling Spray (safe; 5% risk of failure)
Confirm with . or Enter, or press ? or * to list all spells.
Aiming: Dazzling Spray (safe; 5% risk of failure)
Press: ? - help, Shift-Dir - straight line, f/p - quasit
Aim: a quasit (confused)
The spray of energy hits the large abomination.
The large abomination hits you!!
Ouch! That really hurt!
You die...

▓▓▓▓▓▓▓▓▓▓▓▓▓
▓.8©8.▓.8©8.▓
▓.|[".▓.....▓
▓...5.▓.).[.▓
▓..5..▓.....▓
▓.....▓.....▓
▓...X.▓..©..▓
▓..@..▓▓▓▓▓▓▓
▓▓▓▓▓▓▓


You could see a large abomination, a quasit (confused) and a white imp (blind).

Vanquished Creatures
  Sigmund (D)
  Jessica (D)
2 creatures vanquished.

Vanquished Creatures (others)
  Erolcha (D)
  Sonja (D)
2 creatures vanquished.

Grand Total: 4 creatures vanquished

Notes
Turn   | Place    | Note
-------+----------+-------------------------------------------
     0 | D        | Found the +6 Majin-Bo {vamp, Archmagi MP+6 Int+6}
     0 | D        | Found the +7 great mace "Firestarter" {inner flame, rF++}
     0 | D        | MuseOD the Spriggan Enchanter began the quest for the Orb.
     0 | D        | Reached XP level 1. HP: 9/9 MP: 5/5
     0 | D        | Found a deep blue altar of Sif Muna.
     0 | D        | Found a sacrificial altar of Ru.
     0 | D        | Found a bloodstained altar of Trog.
     0 | D        | Found a stormy altar of Qazlal.
     0 | D        | Found an iron altar of Okawaru.
     0 | D        | Found a sparkling altar of Nemelex Xobeh.
     0 | D        | Found a blossoming altar of Fedhas.
     2 | D        | Found a transporter.
     2 | D        | Found an ancient bone altar of Kikubaaqudgha.
     2 | D        | Found a viscous altar of Jiyva.
     2 | D        | Found a corrupted altar of Lugonu.
     2 | D        | Found a hazy altar of Hepliaklqana.
     2 | D        | Found a burning altar of Makhleb.
     2 | D        | Found an opulent altar of Gozag.
    16 | D        | Became a worshipper of Dithmenos the Shadowed
    28 | D        | Killed Sonja
    44 | D        | Reached skill level 5 in Short Blades
    44 | D        | Reached skill level 6 in Stealth
    44 | D        | Reached XP level 2. HP: 16/16 MP: 6/6
    48 | D        | Learned a level 2 spell: Ensorcelled Hibernation
    51 | D        | Entered arena 2.
    51 | D        | Noticed Sigmund
    51 | D        | Noticed Jessica
    51 | D        | Found a transporter.
    58 | D        | Killed Sigmund
    58 | D        | Reached skill level 5 in Dodging
    58 | D        | Reached skill level 10 in Stealth
    58 | D        | Reached skill level 5 in Spellcasting
    58 | D        | Reached skill level 1 in Ice Magic
    58 | D        | Reached XP level 3. HP: 6/19 MP: 0/10
    58 | D        | Reached XP level 4. HP: 8/23 MP: 0/12
    58 | D        | Reached XP level 5. HP: 9/27 MP: 0/13
    61 | D        | Killed Jessica
    66 | D        | Learned a level 3 spell: Confuse
   247 | D        | Killed Erolcha
   359 | D        | Learned a level 3 spell: Dazzling Spray
   362 | D        | Entered arena 3.
   362 | D        | Noticed a large abomination
   362 | D        | Found a transporter.
   371 | D        | Mangled by a large abomination

Skill      XL: |  1  2 |
---------------+-------+-----
Fighting       | 2 |  2.7
Short Blades   | 5 |  5.6
Stealth        | 6 10 | 10.8
Invocations    | 3 |  3.0
Dodging        | 5 |  5.0
Spellcasting   | 5 |  5.2
Hexes          | 7 |  7.6
Ice Magic      | 1 |  1.0

Action                   |  1- 3 |  4- 6 || total
-------------------------+-------+-------++-------
Melee: Quick blade       |     2 |     1 ||     3
 Cast: Ensorcelled Hiber |     3 |     1 ||     4
       Dazzling Spray    |       |     3 ||     3
       Confuse           |       |     1 ||     1
  Use: Potion            |     1 |     1 ||     2
 Stab: Sleeping          |     2 |     1 ||     3
Dodge: Dodged            |     2 |     3 ||     5
